 Dungeon Crawl Stone Soup version 0.22-a0-161-g198051c (webtiles) character file.

105 wolfsongas the Insei (level 4, -5/28 HPs)
             Began as an Octopode Transmuter on Feb 10, 2018.
             Killed from afar by an orc wizard (6 damage)
             ... with a puff of frost
             ... on level 2 of the Dungeon.
             The game lasted 00:03:34 (2273 turns).

wolfsongas the Insei (Octopode Transmuter)          Turns: 2273, Time: 00:03:35

Health: -5/28      AC:  1    Str: 10    XL:     4   Next: 83%
Magic:  5/8        EV: 13    Int: 15    God:
Gold:   65         SH:  0    Dex: 12    Spells: 5/8 levels left

rFire    . . .     SeeInvis .     - Unarmed
rCold    . . .     Gourm    .   (no shield)
rNeg     . . .     Faith    .   (helmet restricted)
rPois    .         Spirit   .   g - amulet of rage
rElec    .         Reflect  .   d - ring of resist corrosion
rCorr    +         Harm     .   (no ring)
MR       .....                  (no ring)
Stlth    ++........             (no ring)
HPRegen  0.09/turn              (no ring)
MPRegen  0.11/turn              (no ring)
                                (no ring)
                                (no ring)

@: appendage
A: almost no armour, stealthy swim, amphibious, 8 rings, constrict 8, tentacle
spike 3, camouflage 1, gelatinous body 1
a: End Transformation, Evoke Berserk Rage


You were on level 2 of the Dungeon.
You were not hungry.
One of your tentacles had a temporary spike.
You visited 1 branch of the dungeon, and saw 3 of its levels.

You collected 65 gold pieces.

Inventory:

Missiles
 a - 8 arrows
Jewellery
 d - a ring of resist corrosion (left tentacle)
 g - an amulet of rage (around mantle)
Scrolls
 i - a scroll of remove curse {unknown}
 k - a scroll of enchant armour
Potions
 e - a potion of curing {unknown}
 h - a potion of haste {unknown}
 j - 2 potions of mutation {unknown}
 l - a potion of degeneration {unknown}
 m - a potion of might {unknown}
Books
 b - a book of Changes

   Spells                             Type                      Level
   a - Beastly Appendage              Transmutation                1
   b - Sticks to Snakes               Transmutation                2
   c - Spider Form                    Transmutation/Poison         3
   d - Ice Form                       Ice/Transmutation            4
   e - Blade Hands                    Transmutation                5
Comestibles
 c - 2 rations


   Skills:
 - Level 1.0 Fighting
 - Level 2.0 Dodging
 * Level 4.3 Unarmed Combat
 + Level 2.8 Spellcasting
 + Level 2.9 Transmutations


You had 5 spell levels left.
You knew the following spells:

 Your Spells              Type           Power        Failure   Level  Hunger
a - Beastly Appendage     Tmut           ##....       6%          1    #......
b - Sticks to Snakes      Tmut           ##......     10%         2    ##.....


Dungeon Overview and Level Annotations

Branches:
Dungeon (3/15)

Altars:


Innate Abilities, Weirdness & Mutations

You cannot wear most types of armour.
You are very stealthy in the water. (Stealth+)
You are amphibious.
You can wear up to eight rings at the same time.
You can use your tentacles to constrict eight enemies at once.
Your skin changes colour to match your surroundings (Stealth+).
Your rubbery body absorbs attacks. (AC +1, EV +1)
One of your tentacles bears a large vicious spike.


Message History

The orc wizard is moderately wounded.
You constrict the orc wizard.
Your ball python bites the orc wizard but does no damage.
The orc wizard hits you with a dagger.
* * * LOW HITPOINT WARNING * * *
You release your grip on the orc wizard.
The orc wizard misses you.
Your ball python barely misses the orc wizard.
Your ball python completely misses the orc wizard.
The orc wizard hits you but does no damage.
Your ball python barely misses the orc wizard. x2
You climb upwards.
Your summoned ally is left behind.
There is a stone staircase leading down, spattered with blood here.
You tentacle-slap the orc wizard but do no damage.
Your grab misses the orc wizard.
Your tentacle spike misses the orc wizard.
The orc wizard is heavily wounded.
The orc wizard casts a spell at you. The puff of frost hits you!
You die...

.............#...# ##.###.#
### ####)............#
#.###.# #>.
####)........#...#####..##.#
#.#
.............##............#
#.#
.##..........##########(####
#.# ........######## ###.###
#.# ..#.###........# #.....#
#.#
....###.######.######.....#
#.# #.......#
#..o@[........# #..
#.###########..######.....#
#.# ..#
#................รท..# #.#
#.# #.#####..##########.#
#.# #.# #.# #..# #.# #.. #.#
#.# #..## #.# #.# #.#####.#
#...# #.# #.# #.......#
#.#.# #.# #.# ........#
#.#.# #.# #.#


You could see an orc wizard.

Vanquished Creatures
  An orc priest (D:3)
  An ooze (D:1)
  3 worms (D:2)
  2 dart slugs (D:1)
  A leopard gecko (D:2)
  3 orcs (D:2)
  3 ball pythons (D:2)
  7 bats
  7 giant cockroaches
  2 goblins
  9 hobgoblins
  5 kobolds
  3 frilled lizards
  5 rats
52 creatures vanquished.

Notes
Turn   | Place    | Note
-------+----------+-------------------------------------------
     0 | D:1      | wolfsongas the Octopode Transmuter began the quest for the Orb.
     0 | D:1      | Reached XP level 1. HP: 13/13 MP: 3/3
   276 | D:1      | Reached XP level 2. HP: 16/18 MP: 3/5
   573 | D:1      | Reached XP level 3. HP: 16/23 MP: 3/6
  1209 | D:2      | Learned a level 2 spell: Sticks to Snakes
  1511 | D:2      | Reached skill level 4 in Unarmed Combat
  1511 | D:2      | Reached XP level 4. HP: 23/28 MP: 5/7
  2270 | D:3      | HP: 1/28 [orc wizard/dagger (6)]
  2273 | D:2      | Killed from afar by an orc wizard

Vault maps used:
D:1:      elethiomel_arrival_maze, minmay_misc_feat_more_columns
D:2:      first_ration
D:3:      wad_floor_pattern_2, uniq_jessica

Skill      XL: |  1  2  3 |
---------------+----------+-----
Unarmed Combat | 4 |  4.3
Fighting       | |  1.0
Dodging        | |  2.0
Spellcasting   | |  2.8
Transmutations | |  2.9

Action                   |  1- 3 |  4- 6 || total
-------------------------+-------+-------++-------
Melee: Unarmed           |    79 |    26 ||   105
       Kick              |    16 |     9 ||    25
       Constrict         |    25 |     6 ||    31
       Tentacles         |    14 |     5 ||    19
       Punch             |       |     2 ||     2
 Cast: Beastly Appendage |    17 |     5 ||    22
       Sticks to Snakes  |       |     4 ||     4
  Use: Scroll            |     2 |       ||     2
 Stab: Sleeping          |     6 |     1 ||     7
  Eat: Chunk             |     2 |     2 ||     4
       Ration            |       |     1 ||     1
Armor: Skin              |    10 |     1 ||    11
Dodge: Dodged            |    43 |    23 ||    66

Table legend:
 A = Spawn XP
 B = Non-spawn XP
 C = Spawn XP percentage of total XP
 D = Spawn monster count
 E = Non-spawn monster count
 F = Spawn count percentage of total count
 G = Total turns spent on level
                    A         B        C        D         E        F      G
               +---------+---------+-------+---------+---------+-------+---------
         Total |       0 |     151 |   0.0 |       0 |      52 |   0.0 |  2273
               +---------+---------+-------+---------+---------+-------+---------
           D:1 |       0 |      48 |   0.0 |       0 |      22 |   0.0 |  1051
           D:2 |       0 |      56 |   0.0 |       0 |      26 |   0.0 |  1187
           D:3 |       0 |      47 |   0.0 |       0 |       4 |   0.0 |    35
               +---------+---------+-------+---------+---------+-------+---------
